 Dungeon Crawl Stone Soup version 0.26.0-18-gc5c842f807 (webtiles) character file.

Game seed: 10279628062232629208

21 zcampers the Grave Robber (level 2, -2/20 HPs)
             Began as a Hill Orc Necromancer on Jan 23, 2021.
             Slain by a hobgoblin
             ... wielding a +0 club
              (3 damage)
             ... on level 1 of the Dungeon.
             The game lasted 00:01:07 (749 turns).

zcampers the Grave Robber (Hill Orc Necromancer)     Turns: 749, Time: 00:01:07

Health: -2/20      AC:  3    Str: 10    XL:     2   Next: 83%
Magic:  0/4        EV: 12    Int: 15    God:
Gold:   30         SH:  0    Dex: 11    Spells: 3/4 levels left

rFire    . . .     SeeInvis .   b - +0 club
rCold    . . .     Faith    .   (no shield)
rNeg     . . .     Spirit   .   a - +0 robe
rPois    .         Reflect  .   (no helmet)
rElec    .         Harm     .   (no cloak)
rCorr    .         Rampage  .   e - +0 pair of gloves
Will     .....                  (no boots)
Stlth    ++........             (no amulet)
HPRegen  0.06/turn              (no ring)
MPRegen  0.09/turn              (no ring)

@: no status effects
A: no striking features
a: no special abilities


You were on level 1 of the Dungeon.
You visited 1 branch of the dungeon, and saw 1 of its levels.

You collected 30 gold pieces.

Inventory:

Hand Weapons
 b - a +0 club (weapon)
Armour
 a - a +0 robe (worn)
 e - a +0 pair of gloves (worn)
Scrolls
 c - a scroll of identify {unknown}
 g - a scroll of enchant weapon {unknown}
Potions
 d - 2 potions of heal wounds {unknown}
 f - a potion of curing {unknown}


   Skills:
 + Level 1.9 Dodging
 + Level 2.0 Stealth
 + Level 1.8 Spellcasting
 + Level 4.2 Necromancy


You had 3 spell levels left.
You knew the following spells:

 Your Spells              Type           Power        Failure   Level
a - Pain                  Necr           52%          4%          1

Your spell library contained the following spells:

 Spells                   Type           Power        Failure   Level
 Animate Skeleton         Necr           26%          4%          1
 Vampiric Draining        Necr           6%           12%         3
 Animate Dead             Necr           6%           38%         4
 Agony                    Necr           13%          75%         5


Dungeon Overview and Level Annotations

Branches:
Dungeon (1/15)

Altars:


Message History

Casting: Pain (safe; 4% risk of failure)
Confirm with . or Enter, or press ? or * to list all spells.
Aiming: Pain (safe; 4% risk of failure)
Press: ? - help, Shift-Dir - straight line, f/p - hobgoblin
Aim: a hobgoblin, wielding a +0 club (chance to affect: 83%)
The hobgoblin barely resists.
A giant cockroach comes into view.
The hobgoblin hits you but does no damage.
You closely miss the hobgoblin. The hobgoblin barely misses you.
You hit the hobgoblin but do no damage. The hobgoblin hits you with a +0 club.
* * * LOW HITPOINT WARNING * * *
You hit the hobgoblin.
The hobgoblin is severely wounded.
The hobgoblin closely misses you.
You barely miss the hobgoblin.
The hobgoblin is severely wounded.
The hobgoblin misses you. The giant cockroach bites you.
* * * LOW HITPOINT WARNING * * *
The hobgoblin hits you with a +0 club.
You die...

...+...........
...#....#.#...................#
...#.#..#.#......#............##
...#+##.#.#......#.............#
..........#......#.............##
..........+......................
..........#.......)....##....†...
###+###...#...(.gB.....##........
.......†..... #@......##........
.............[##...........).....
...........................##....
........................†..##....
...........................##....
...###.[......##.......####......
#.... . .....##.................
...... ##......................
.........###[....................


You could see a giant cockroach and a hobgoblin.

Vanquished Creatures
  4 giant cockroaches (D:1)
  6 hobgoblins (D:1)
  3 bats (D:1)
  3 goblins (D:1)
  A rat (D:1)
17 creatures vanquished.

Notes
Turn   | Place    | Note
-------+----------+-------------------------------------------
     0 | D:1      | zcampers the Hill Orc Necromancer began the quest for the
                  | Orb.
     0 | D:1      | Reached XP level 1. HP: 14/14 MP: 3/3
   214 | D:1      | Reached XP level 2. HP: 17/20 MP: 1/4
   749 | D:1      | HP: 1/20 [giant cockroach (2)]
   749 | D:1      | Slain by a hobgoblin

Illustrated notes

Levels and vault maps discovered:
D:1:      onia_arrival_mini_spirals, layout_basic

Skill      XL: |  1  2 |
---------------+-------+-----
Stealth        | 2 |  2.0
Dodging        | |  1.9
Spellcasting   | |  1.8
Necromancy     | |  4.2

Action                   || total
-------------------------++-------
Melee: Unarmed           ||     3
       Club              ||    17
 Cast: Pain              ||    31
Armor: Robe              ||     4
Dodge: Dodged            ||    12
